Kings vs Jets

Created - 8 janvier 2022 at 17:49

Goals
1 2 3 T
Kings 0 1 0 1
Jets 1 0 2 3
Shots
1 2 3 T
Kings 12 13 6 31
Jets 6 13 15 34

GoalsPenalties
1st period
1. Jets , Patrice Bergeron 15 (Kris Letang 15) at 18:25
No Penalty
2nd period
2. Kings , Ryan Carpenter 4 (David Kampf 6, Andy Greene 14) at 2:42
Shea Weber (LOS) for Hooking (Minor) at 3:49
Kris Russell (WIN) for Holding (Minor) at 12:39
Shea Weber (LOS) for Hooking (Minor) at 14:54
Shea Weber (LOS) for Hooking (Minor) at 17:27
3rd period
3. Jets , Kris Letang 11 (Patrice Bergeron 18, Jaden Schwartz 13) at 4:30 (PP)
4. Jets , Patrice Bergeron 16 (Connor Brown 18, Bo Horvat 27) at 19:27 (Empty Net)
Scott Mayfield (LOS) for High sticking (Double Minor) at 1:27
Zdeno Chara (LOS) for Interference (Minor) at 16:04
Goalie Stats
Jordan Binnington (LOS), 31 saves from 33 shots - (0,939), L, 18-7-3, 59:26 minutes
Semyon Varlamov (WIN), 30 saves from 31 shots - (0,968), W, 20-8-1, 60:00 minutes
3 StarsOfficial
1 - Patrice Bergeron (WIN)
2 - Kris Letang (WIN)
3 - Semyon Varlamov (WIN)
Referees : Kelly Sutherland and Dan O'Halloran
Linesman : Tim Nowak and Thor Nelson
Game Note
Patrice Bergeron has scored in a empty net!



Team Name Goals Shots Shots Attemp Shots Blocked PIM HIT PP PK FO%
Kings 131621112180 / 1 (0%)152%
Jets 33472102211 / 6 (17%)048%

Kings
Player Name POS G A P +/- PIM HIT SHT SB MP PP MP PP SHT PK MP PK SHT FO% FOT
Andy GreeneD0111004115:580:0005:2310% 0
Brock BoeserRW000-1002016:550:5600:000100% 1
Brock McGinnLW/RW0001001011:390:0005:3400% 1
Corey PerryLW/RW000-100008:160:0000:0000% 0
David KampfC/LW/RW0111011011:300:0005:25050% 10
Derek ForbortD0001020316:240:0005:3600% 0
Johnny GaudreauLW/RW000-1015017:551:0300:00050% 2
Kyle ConnorLW000-1005017:021:0310:000100% 1
Pierre-Edouard BellemareC000-1003013:500:0005:34150% 10
Ryan CarpenterC/RW101100116:050:0000:0000% 0
Scott MayfieldD000-1410122:120:5603:5000% 0
Shea WeberD000-1610120:080:5600:2800% 0
Tanner PearsonLW/RW0000053017:380:5600:000100% 1
Teddy BluegerC/LW000000209:020:5610:00050% 10
William KarlssonC000-1012022:271:0305:25048% 27
Yanni GourdeC/LW/RW0000010016:420:0000:00055% 20
Zach WerenskiD000-1011022:171:0312:1400% 0
Zdeno CharaD000-1241422:561:0304:2700% 0
Jets
Player Name POS G A P +/- PIM HIT SHT SB MP PP MP PP SHT PK MP PK SHT FO% FOT
Aaron EkbladD000-1001122:365:5611:0700% 0
Austin WatsonLW/RW000001009:180:0001:0900% 0
Bo HorvatC0111014019:245:3000:00046% 26
Connor BrownRW0111006020:145:3040:5000% 2
Gustav ForslingD0001000017:320:0000:5200% 0
Jaden SchwartzLW0111011018:165:2900:00050% 2
Jared McCannC/LW000-1022117:425:3010:0000% 1
Joonas DonskoiLW/RW000-1000012:120:0000:0000% 1
Kris LetangD1121043022:365:5620:0000% 0
Kris RussellD000-1230114:440:0000:0000% 0
Nazem KadriC/LW0000044018:335:0320:000100% 1
Patrice BergeronC2132018019:305:2910:50060% 25
Riley SheahanC000000009:180:0001:09055% 11
Ryan EllisD0001001320:445:0310:5200% 0
Ryan GetzlafC000-1012012:120:0000:00033% 12
Ryan GravesD0001031416:440:0001:0700% 0
Tyler ToffoliLW/RW0001001018:165:2910:000100% 1
Zach SanfordC/LW/RW000000008:090:0000:0000% 1

Kings

5 vs 5 Forward
Line #Left WingCenterRight WingPHYDFOFWanted %Time %Time Play
1Kyle ConnorWilliam KarlssonBrock Boeser0233934%15:59
2Johnny GaudreauYanni GourdeTanner Pearson0233736%16:42
3Pierre-Edouard BellemareTeddy BluegerCorey Perry1221417%8:06
4Brock McGinnDavid KampfRyan Carpenter2211013%6:05
5 vs 5 Defense
Line #DefenseDefensePHYDFOFWanted %Time %Time Play
1Zach WerenskiShea Weber1224340%18:47
2Scott MayfieldZdeno Chara1313637%17:17
3Derek ForbortAndy Greene1402123%10:35
4Zach WerenskiDerek Forbort04100%0:13
Power Play Forward
Line #Left WingCenterRight WingPHYDFOFWanted %Time %Time Play
1Johnny GaudreauWilliam KarlssonKyle Connor0145053%1:03
2Tanner PearsonTeddy BluegerBrock Boeser0145047%0:56
Power Play Defense
Line #DefenseDefensePHYDFOFWanted %Time %Time Play
1Zach WerenskiZdeno Chara0235553%1:03
2Shea WeberScott Mayfield0234547%0:56
Penalty Kill 4 Players Forward
Line #CenterWingPHYDFOFWanted %Time %Time Play
1William KarlssonDavid Kampf1405049%5:25
2Pierre-Edouard BellemareBrock McGinn1405051%5:34
Penalty Kill 4 Players Defense
Line #DefenseDefensePHYDFOFWanted %Time %Time Play
1Derek ForbortZdeno Chara1405051%5:36
2Andy GreeneScott Mayfield1405049%5:23
Penalty Kill 3 Players
Line #WingPHYDFOFWanted %Time %Time PlayDefenseDefensePHYDFOFWanted %Time %Time Play
1Pierre-Edouard Bellemare050500%0:00 Scott MayfieldShea Weber140500%0:00
2David Kampf050500%0:00 Derek ForbortAndy Greene140500%0:00
4 vs 4 Forward
Line #CenterWingPHYDFOFWanted %Time %Time Play
1William KarlssonKyle Connor023550%0:00
2Brock BoeserJohnny Gaudreau023450%0:00
4 vs 4 Defense
Line #DefensePHYDFOFWanted %Time %Time Play
1Zach WerenskiZdeno Chara032500%0:00
2Scott MayfieldShea Weber032500%0:00
Last Minutes Offensive
Left WingCenterRight WingDefenseDefense
Johnny GaudreauWilliam KarlssonKyle ConnorBrock BoeserZach Werenski
Last Minutes Defensive
Left WingCenterRight WingDefenseDefense
Brock McGinnPierre-Edouard BellemareTeddy BluegerScott MayfieldShea Weber
Time
Total ForwardTotal DefenseLast Minutes OffensiveLast Minutes Defensive
60:00 60:00 0:100:00
Extra Forwards
Normal PowerPlayPenalty Kill
Johnny Gaudreau, Brock Boeser, Kyle ConnorYanni Gourde, Corey PerryRyan Carpenter
Extra Defensemen
Normal PowerPlayPenalty Kill
Zach Werenski, Shea Weber, Scott MayfieldZdeno Chara, Zach WerenskiZdeno Chara
Penalty Shots
William Karlsson, Johnny Gaudreau, Kyle Connor, Brock Boeser, Zach Werenski
Goalie
Jordan Binnington, Curtis McElhinney
Custom OT Lines Forwards
William Karlsson, Kyle Connor, Johnny Gaudreau, Brock Boeser, Tanner Pearson, Teddy Blueger, Yanni Gourde, Pierre-Edouard Bellemare, Corey Perry, Ryan Carpenter
Custom OT Lines Defensemen
Zach Werenski, Shea Weber, Scott Mayfield, Zdeno Chara, Derek Forbort
Scratches
Niko Mikkola (Healthy), Dylan McIlrath (Healthy), Tyler Ennis (Healthy)

Jets

5 vs 5 Forward
Line #Left WingCenterRight WingPHYDFOFWanted %Time %Time Play
1Nazem KadriBo HorvatConnor Brown1223029%13:30
2Jaden SchwartzPatrice BergeronTyler Toffoli1222827%12:47
3Jared McCannRyan GetzlafJoonas Donskoi0322626%12:12
4Austin WatsonRiley SheahanZach Sanford1221617%8:09
5 vs 5 Defense
Line #DefenseDefensePHYDFOFWanted %Time %Time Play
1Kris LetangGustav Forsling1223536%16:40
2Ryan EllisRyan Graves1223331%14:25
3Aaron EkbladKris Russell1223232%14:45
4Ryan GravesAaron Ekblad12202%0:48
Power Play Forward
Line #Left WingCenterRight WingPHYDFOFWanted %Time %Time Play
1Jaden SchwartzPatrice BergeronTyler Toffoli1135050%5:29
2Jared McCannBo HorvatConnor Brown1135050%5:30
Power Play Defense
Line #DefenseDefensePHYDFOFWanted %Time %Time Play
1Kris LetangAaron Ekblad0145054%5:56
2Nazem KadriRyan Ellis0145046%5:03
Penalty Kill 4 Players Forward
Line #CenterWingPHYDFOFWanted %Time %Time Play
1Patrice BergeronConnor Brown0505042%0:50
2Riley SheahanAustin Watson0505058%1:09
Penalty Kill 4 Players Defense
Line #DefenseDefensePHYDFOFWanted %Time %Time Play
1Aaron EkbladRyan Graves1405056%1:07
2Ryan EllisGustav Forsling1405044%0:52
Penalty Kill 3 Players
Line #WingPHYDFOFWanted %Time %Time PlayDefenseDefensePHYDFOFWanted %Time %Time Play
1Riley Sheahan050500%0:00 Aaron EkbladRyan Graves140500%0:00
2Patrice Bergeron050500%0:00 Ryan EllisGustav Forsling140500%0:00
4 vs 4 Forward
Line #CenterWingPHYDFOFWanted %Time %Time Play
1Bo HorvatNazem Kadri023500%0:00
2Patrice BergeronJared McCann023500%0:00
4 vs 4 Defense
Line #DefensePHYDFOFWanted %Time %Time Play
1Gustav ForslingKris Letang023500%0:00
2Aaron EkbladRyan Ellis023500%0:00
Last Minutes Offensive
Left WingCenterRight WingDefenseDefense
Tyler ToffoliPatrice BergeronConnor BrownKris LetangRyan Ellis
Last Minutes Defensive
Left WingCenterRight WingDefenseDefense
Austin WatsonPatrice BergeronConnor BrownRyan EllisRyan Graves
Time
Total ForwardTotal DefenseLast Minutes OffensiveLast Minutes Defensive
60:00 60:00 0:000:24
Extra Forwards
Normal PowerPlayPenalty Kill
Patrice Bergeron, Bo Horvat, Ryan GetzlafJared McCann, Joonas DonskoiBo Horvat
Extra Defensemen
Normal PowerPlayPenalty Kill
Kris Letang, Aaron Ekblad, Ryan EllisRyan Graves, Kris RussellRyan Ellis
Penalty Shots
Jared McCann, Tyler Toffoli, Patrice Bergeron, Jaden Schwartz, Bo Horvat
Goalie
Semyon Varlamov, Laurent Brossoit
Custom OT Lines Forwards
Bo Horvat, Tyler Toffoli, Patrice Bergeron, Jaden Schwartz, Nazem Kadri, Connor Brown, Jared McCann, Joonas Donskoi, Ryan Getzlaf, Zach Sanford
Custom OT Lines Defensemen
Kris Russell, Ryan Ellis, Gustav Forsling, Aaron Ekblad, Ryan Graves
Scratches
Alexander Steen (Healthy), Tobias Rieder (Healthy), Connor Clifton (Healthy)


Play-by-Play

1st period


0:01 of 1st period - Brock Boeser wins face-off versus Bo Horvat in neutral zone.
0:21 of 1st period - Icing by Gustav Forsling.
0:22 of 1st period - Yanni Gourde wins face-off versus Bo Horvat in Jets zone.
0:47 of 1st period - Shot by Connor Brown.
0:47 of 1st period - Stopped by Jordan Binnington without a rebound.
0:48 of 1st period - Tyler Toffoli wins face-off versus Teddy Blueger in Kings zone.
1:28 of 1st period - Shot by Teddy Blueger.
1:28 of 1st period - Shot Blocked by Ryan Ellis.
1:30 of 1st period - Shot by Pierre-Edouard Bellemare.
1:30 of 1st period - Shot Blocked by Ryan Graves.
1:42 of 1st period - Shot by Brock Boeser.
1:42 of 1st period - Shot Misses the Net.
2:34 of 1st period - Icing by Ryan Ellis.
2:35 of 1st period - Yanni Gourde wins face-off versus Patrice Bergeron in Jets zone.
2:54 of 1st period - Shot by Johnny Gaudreau.
2:54 of 1st period - Shot Blocked by Ryan Graves.
2:56 of 1st period - Shot by Johnny Gaudreau.
2:56 of 1st period - Stopped by Semyon Varlamov without a rebound.
2:57 of 1st period - David Kampf wins face-off versus Ryan Getzlaf in Jets zone.
2:58 of 1st period - Shot by Brock McGinn.
2:58 of 1st period - Deflect By David Kampf.
2:58 of 1st period - Stopped by Semyon Varlamov without a rebound.
2:59 of 1st period - David Kampf wins face-off versus Ryan Getzlaf in Jets zone.
3:33 of 1st period - David Kampf is hit by Kris Russell and loses puck.
3:46 of 1st period - Kris Russell is hit by David Kampf.
4:42 of 1st period - Riley Sheahan is hit by Shea Weber and loses puck.
5:28 of 1st period - Off-side.
5:29 of 1st period - Teddy Blueger wins face-off versus Bo Horvat in neutral zone.
6:34 of 1st period - Shot by Brock Boeser.
6:34 of 1st period - Shot Misses the Net.
6:36 of 1st period - Shot by Andy Greene.
6:36 of 1st period - Stopped by Semyon Varlamov with a rebound.
6:38 of 1st period - Shot by William Karlsson.
6:38 of 1st period - Shot Misses the Net.
6:40 of 1st period - Shot by Derek Forbort.
6:40 of 1st period - Shot Blocked by Ryan Graves.
6:42 of 1st period - Shot by William Karlsson.
6:42 of 1st period - Deflect By Kyle Connor.
6:42 of 1st period - Stopped by Semyon Varlamov without a rebound.
6:43 of 1st period - David Kampf wins face-off versus Ryan Getzlaf in Jets zone.
6:54 of 1st period - Icing by Jared McCann.
6:55 of 1st period - Yanni Gourde wins face-off versus Ryan Getzlaf in Jets zone.
7:47 of 1st period - Kyle Connor is hit by Ryan Getzlaf and loses puck.
8:07 of 1st period - Shot by Kyle Connor.
8:07 of 1st period - Shot Misses the Net.
8:09 of 1st period - Shot by Zdeno Chara.
8:09 of 1st period - Shot Blocked by Jared McCann.
8:17 of 1st period - Shot by Kyle Connor.
8:17 of 1st period - Stopped by Semyon Varlamov with a rebound.
8:24 of 1st period - Shot by William Karlsson.
8:24 of 1st period - Shot Misses the Net.
8:47 of 1st period - Zdeno Chara is hit by Kris Letang.
9:21 of 1st period - David Kampf is hit by Kris Letang and loses puck.
11:38 of 1st period - Riley Sheahan is hit by Derek Forbort and loses puck.
12:26 of 1st period - Icing by Zach Werenski.
12:27 of 1st period - Patrice Bergeron wins face-off versus David Kampf in Kings zone.
12:41 of 1st period - Zach Werenski is hit by Patrice Bergeron and loses puck.
12:50 of 1st period - Shot by Patrice Bergeron.
12:50 of 1st period - Stopped by Jordan Binnington with a rebound.
12:52 of 1st period - Shot by Tyler Toffoli.
12:52 of 1st period - Shot Misses the Net.
12:54 of 1st period - Shot by Kris Letang.
12:54 of 1st period - Deflect By Patrice Bergeron.
12:54 of 1st period - Shot Blocked by Shea Weber.
12:56 of 1st period - Shot by Gustav Forsling.
12:56 of 1st period - Shot Misses the Net.
13:23 of 1st period - Johnny Gaudreau is hit by Kris Russell and loses puck.
14:27 of 1st period - Andy Greene is hit by Nazem Kadri and loses puck.
15:11 of 1st period - Andy Greene is hit by Kris Letang and loses puck.
15:32 of 1st period - Shot by Patrice Bergeron.
15:32 of 1st period - Stopped by Jordan Binnington without a rebound.
15:33 of 1st period - William Karlsson wins face-off versus Ryan Getzlaf in Kings zone.
15:52 of 1st period - Shot by Brock Boeser.
15:52 of 1st period - Stopped by Semyon Varlamov without a rebound.
15:53 of 1st period - Bo Horvat wins face-off versus Yanni Gourde in Jets zone.
15:53 of 1st period - Bo Horvat is hit by Tanner Pearson.
16:03 of 1st period - Shot by Nazem Kadri.
16:03 of 1st period - Stopped by Jordan Binnington without a rebound.
16:04 of 1st period - William Karlsson wins face-off versus Patrice Bergeron in Kings zone.
16:29 of 1st period - Shot by Brock Boeser.
16:29 of 1st period - Stopped by Semyon Varlamov with a rebound.
16:43 of 1st period - Shot by William Karlsson.
16:43 of 1st period - Stopped by Semyon Varlamov with a rebound.
16:45 of 1st period - Shot by Kyle Connor.
16:45 of 1st period - Stopped by Semyon Varlamov without a rebound.
16:46 of 1st period - Yanni Gourde wins face-off versus Bo Horvat in Jets zone.
16:47 of 1st period - Shot by Tanner Pearson.
16:47 of 1st period - Stopped by Semyon Varlamov without a rebound.
16:48 of 1st period - Bo Horvat wins face-off versus Yanni Gourde in Jets zone.
16:48 of 1st period - Bo Horvat is hit by Tanner Pearson.
17:14 of 1st period - Shot by Bo Horvat.
17:14 of 1st period - Stopped by Jordan Binnington with a rebound.
17:29 of 1st period - Icing by Johnny Gaudreau.
17:30 of 1st period - Yanni Gourde wins face-off versus Ryan Getzlaf in Kings zone.
17:30 of 1st period - Yanni Gourde is hit by Jared McCann.
18:25 of 1st period - Shot by Patrice Bergeron.
18:25 of 1st period - Goal by Patrice Bergeron - Kings : 0 - Jets : 1.
18:26 of 1st period - David Kampf wins face-off versus Bo Horvat in neutral zone.
18:33 of 1st period - Shot by Ryan Carpenter.
18:33 of 1st period - Deflect By Brock McGinn.
18:33 of 1st period - Stopped by Semyon Varlamov without a rebound.
18:34 of 1st period - Bo Horvat wins face-off versus Teddy Blueger in Jets zone.
18:45 of 1st period - Shot by Bo Horvat.
18:45 of 1st period - Deflect By Connor Brown.
18:45 of 1st period - Shot Blocked by Andy Greene.
19:14 of 1st period - Icing by Derek Forbort.
19:15 of 1st period - Teddy Blueger wins face-off versus Patrice Bergeron in Kings zone.
19:53 of 1st period - Shot by Zach Werenski.
19:53 of 1st period - Shot Misses the Net.
19:55 of 1st period - Shot by Kyle Connor.
19:55 of 1st period - Stopped by Semyon Varlamov without a rebound.
19:56 of 1st period - Riley Sheahan wins face-off versus Yanni Gourde in Jets zone.
Goals for this period are 0 for Kings vs 1 for Jets.
Shots for this period are 12 for Kings vs 6 for Jets.

2nd period


0:01 of 2nd period - Ryan Getzlaf wins face-off versus Yanni Gourde in neutral zone.
0:20 of 2nd period - Shot by Tanner Pearson.
0:20 of 2nd period - Shot Misses the Net.
0:22 of 2nd period - Shot by Johnny Gaudreau.
0:22 of 2nd period - Stopped by Semyon Varlamov without a rebound.
0:23 of 2nd period - Riley Sheahan wins face-off versus William Karlsson in Jets zone.
0:40 of 2nd period - Shot by Austin Watson.
0:40 of 2nd period - Shot Blocked by Scott Mayfield.
0:42 of 2nd period - Shot by Kris Letang.
0:42 of 2nd period - Shot Misses the Net.
1:13 of 2nd period - Icing by Zdeno Chara.
1:14 of 2nd period - William Karlsson wins face-off versus Bo Horvat in Kings zone.
1:27 of 2nd period - Shot by Johnny Gaudreau.
1:27 of 2nd period - Stopped by Semyon Varlamov with a rebound.
1:29 of 2nd period - Shot by Zach Werenski.
1:29 of 2nd period - Shot Misses the Net.
1:31 of 2nd period - Shot by Tanner Pearson.
1:31 of 2nd period - Shot Misses the Net.
2:09 of 2nd period - Aaron Ekblad is hit by Tanner Pearson and loses puck.
2:22 of 2nd period - Shot by Brock McGinn.
2:22 of 2nd period - Shot Blocked by Aaron Ekblad.
2:24 of 2nd period - Shot by Andy Greene.
2:24 of 2nd period - Stopped by Semyon Varlamov with a rebound.
2:26 of 2nd period - Shot by Ryan Carpenter.
2:26 of 2nd period - Shot Misses the Net.
2:30 of 2nd period - Shot by Brock McGinn.
2:30 of 2nd period - Shot Misses the Net.
2:35 of 2nd period - Ryan Carpenter is hit by Kris Russell and loses puck.
2:40 of 2nd period - Shot by David Kampf.
2:40 of 2nd period - Shot Misses the Net.
2:42 of 2nd period - Shot by Ryan Carpenter.
2:42 of 2nd period - Goal by Ryan Carpenter - Kings : 1 - Jets : 1.
2:43 of 2nd period - Pierre-Edouard Bellemare wins face-off versus Patrice Bergeron in neutral zone.
3:00 of 2nd period - Shot by Pierre-Edouard Bellemare.
3:00 of 2nd period - Shot Hit the Post.
3:02 of 2nd period - Shot by Scott Mayfield.
3:02 of 2nd period - Shot Misses the Net.
3:04 of 2nd period - Shot by Teddy Blueger.
3:04 of 2nd period - Stopped by Semyon Varlamov without a rebound.
3:05 of 2nd period - William Karlsson wins face-off versus Zach Sanford in Jets zone.
3:26 of 2nd period - Shot by William Karlsson.
3:26 of 2nd period - Stopped by Semyon Varlamov without a rebound.
3:27 of 2nd period - Patrice Bergeron wins face-off versus Yanni Gourde in Jets zone.
3:38 of 2nd period - Shot by Patrice Bergeron.
3:38 of 2nd period - Shot Misses the Net.
3:49 of 2nd period - Minor Penalty to Shea Weber for Hooking.
3:50 of 2nd period - William Karlsson wins face-off versus Connor Brown in Kings zone.
3:50 of 2nd period - William Karlsson is hit by Bo Horvat.
4:45 of 2nd period - Icing by Kris Letang.
4:46 of 2nd period - William Karlsson wins face-off versus Patrice Bergeron in Jets zone.
5:07 of 2nd period - Shot by Patrice Bergeron.
5:07 of 2nd period - Stopped by Jordan Binnington with a rebound.
5:29 of 2nd period - Shot by Patrice Bergeron.
5:29 of 2nd period - Shot Misses the Net.
5:31 of 2nd period - Shot by Aaron Ekblad.
5:31 of 2nd period - Stopped by Jordan Binnington without a rebound.
5:32 of 2nd period - Pierre-Edouard Bellemare wins face-off versus Connor Brown in Kings zone.
6:26 of 2nd period - Shot by Tanner Pearson.
6:26 of 2nd period - Stopped by Semyon Varlamov without a rebound.
6:27 of 2nd period - William Karlsson wins face-off versus Bo Horvat in Jets zone.
6:34 of 2nd period - Shot by William Karlsson.
6:34 of 2nd period - Shot Misses the Net.
7:22 of 2nd period - Icing by Brock McGinn.
7:23 of 2nd period - Ryan Getzlaf wins face-off versus David Kampf in Kings zone.
7:48 of 2nd period - Shot by Joonas Donskoi.
7:48 of 2nd period - Shot Blocked by Derek Forbort.
8:00 of 2nd period - Shot by Jared McCann.
8:00 of 2nd period - Deflect By Ryan Getzlaf.
8:00 of 2nd period - Stopped by Jordan Binnington without a rebound.
8:01 of 2nd period - Yanni Gourde wins face-off versus Jaden Schwartz in Kings zone.
8:01 of 2nd period - Yanni Gourde is hit by Jaden Schwartz.
8:35 of 2nd period - Shot by Johnny Gaudreau.
8:35 of 2nd period - Stopped by Semyon Varlamov without a rebound.
8:36 of 2nd period - Nazem Kadri wins face-off versus William Karlsson in Jets zone.
8:48 of 2nd period - Shot by Bo Horvat.
8:48 of 2nd period - Shot Misses the Net.
9:04 of 2nd period - Shot by Nazem Kadri.
9:04 of 2nd period - Stopped by Jordan Binnington without a rebound.
9:05 of 2nd period - Teddy Blueger wins face-off versus Ryan Getzlaf in Kings zone.
9:49 of 2nd period - Shot by Jared McCann.
9:49 of 2nd period - Stopped by Jordan Binnington with a rebound.
10:38 of 2nd period - Shot by Tyler Toffoli.
10:38 of 2nd period - Shot Misses the Net.
10:40 of 2nd period - Shot by Kris Letang.
10:40 of 2nd period - Stopped by Jordan Binnington without a rebound.
10:41 of 2nd period - Yanni Gourde wins face-off versus Bo Horvat in Kings zone.
10:59 of 2nd period - Shot by Tanner Pearson.
10:59 of 2nd period - Stopped by Semyon Varlamov without a rebound.
11:00 of 2nd period - David Kampf wins face-off versus Patrice Bergeron in Jets zone.
11:06 of 2nd period - Off-side.
11:07 of 2nd period - Patrice Bergeron wins face-off versus Yanni Gourde in neutral zone.
11:07 of 2nd period - Gustav Forsling is hit by Yanni Gourde and loses puck.
11:34 of 2nd period - Patrice Bergeron is hit by Zdeno Chara and loses puck.
12:00 of 2nd period - Zdeno Chara is hit by Ryan Graves and loses puck.
12:06 of 2nd period - Ryan Graves is hit by Zdeno Chara and loses puck.
12:19 of 2nd period - Shot by Connor Brown.
12:19 of 2nd period - Shot Misses the Net.
12:21 of 2nd period - Shot by Ryan Graves.
12:21 of 2nd period - Shot Misses the Net.
12:23 of 2nd period - Shot by Connor Brown.
12:23 of 2nd period - Shot Blocked by Zdeno Chara.
12:25 of 2nd period - Shot by Ryan Graves.
12:25 of 2nd period - Stopped by Jordan Binnington without a rebound.
12:26 of 2nd period - William Karlsson wins face-off versus Riley Sheahan in Kings zone.
12:30 of 2nd period - Icing by Kyle Connor.
12:31 of 2nd period - William Karlsson wins face-off versus Joonas Donskoi in Kings zone.
12:39 of 2nd period - Minor Penalty to Kris Russell for Holding.
12:40 of 2nd period - Patrice Bergeron wins face-off versus Johnny Gaudreau in Jets zone.
12:46 of 2nd period - Icing by Zdeno Chara.
12:47 of 2nd period - Riley Sheahan wins face-off versus William Karlsson in Kings zone.
12:55 of 2nd period - Icing by Zach Werenski.
12:56 of 2nd period - William Karlsson wins face-off versus Patrice Bergeron in Kings zone.
13:14 of 2nd period - Shot by Zach Werenski.
13:14 of 2nd period - Stopped by Semyon Varlamov without a rebound.
13:15 of 2nd period - Riley Sheahan wins face-off versus Teddy Blueger in Jets zone.
13:39 of 2nd period - Shot by Tanner Pearson.
13:39 of 2nd period - Deflect By Teddy Blueger.
13:39 of 2nd period - Stopped by Semyon Varlamov without a rebound.
13:40 of 2nd period - Patrice Bergeron wins face-off versus William Karlsson in Jets zone.
14:07 of 2nd period - Shot by Kyle Connor.
14:07 of 2nd period - Stopped by Semyon Varlamov without a rebound.
14:08 of 2nd period - Patrice Bergeron wins face-off versus Teddy Blueger in Jets zone.
14:16 of 2nd period - Icing by Tanner Pearson.
14:17 of 2nd period - Teddy Blueger wins face-off versus Riley Sheahan in Kings zone.
14:17 of 2nd period - Teddy Blueger is hit by Austin Watson.
14:45 of 2nd period - Shot by Patrice Bergeron.
14:45 of 2nd period - Stopped by Jordan Binnington without a rebound.
14:46 of 2nd period - Bo Horvat wins face-off versus David Kampf in Kings zone.
14:49 of 2nd period - Shot by Nazem Kadri.
14:49 of 2nd period - Shot Blocked by Derek Forbort.
14:51 of 2nd period - Shot by Bo Horvat.
14:51 of 2nd period - Stopped by Jordan Binnington without a rebound.
14:52 of 2nd period - Patrice Bergeron wins face-off versus William Karlsson in Kings zone.
14:54 of 2nd period - Minor Penalty to Shea Weber for Hooking.
14:55 of 2nd period - Patrice Bergeron wins face-off versus Pierre-Edouard Bellemare in Kings zone.
15:13 of 2nd period - Off-side.
15:14 of 2nd period - Bo Horvat wins face-off versus David Kampf in neutral zone.
15:47 of 2nd period - Shot by Connor Brown.
15:47 of 2nd period - Stopped by Jordan Binnington without a rebound.
15:48 of 2nd period - Patrice Bergeron wins face-off versus Brock McGinn in Kings zone.
16:19 of 2nd period - Shot by David Kampf.
16:19 of 2nd period - Shot Misses the Net.
16:21 of 2nd period - Shot by Andy Greene.
16:21 of 2nd period - Stopped by Semyon Varlamov without a rebound.
16:22 of 2nd period - Pierre-Edouard Bellemare wins face-off versus Jared McCann in Jets zone.
16:37 of 2nd period - Shot by Ryan Ellis.
16:37 of 2nd period - Stopped by Jordan Binnington without a rebound.
16:38 of 2nd period - Bo Horvat wins face-off versus William Karlsson in Kings zone.
16:53 of 2nd period - David Kampf is hit by Jared McCann and loses puck.
17:00 of 2nd period - Shot by Patrice Bergeron.
17:00 of 2nd period - Shot Misses the Net.
17:16 of 2nd period - Shot by Jaden Schwartz.
17:16 of 2nd period - Shot Misses the Net.
17:21 of 2nd period - Patrice Bergeron is hit by Zach Werenski and loses puck.
17:24 of 2nd period - Shot by Patrice Bergeron.
17:24 of 2nd period - Shot Misses the Net.
17:27 of 2nd period - Minor Penalty to Shea Weber for Hooking.
17:28 of 2nd period - Bo Horvat wins face-off versus Pierre-Edouard Bellemare in Kings zone.
17:28 of 2nd period - Bo Horvat is hit by Zdeno Chara.
17:32 of 2nd period - Shot by Connor Brown.
17:32 of 2nd period - Stopped by Jordan Binnington without a rebound.
17:33 of 2nd period - Pierre-Edouard Bellemare wins face-off versus Bo Horvat in Kings zone.
18:44 of 2nd period - Shot by Nazem Kadri.
18:44 of 2nd period - Stopped by Jordan Binnington with a rebound.
19:10 of 2nd period - Shot by Patrice Bergeron.
19:10 of 2nd period - Shot Misses the Net.
Goals for this period are 1 for Kings vs 0 for Jets.
Shots for this period are 13 for Kings vs 13 for Jets.

3rd period


0:01 of 3rd period - Bo Horvat wins face-off versus William Karlsson in neutral zone.
0:20 of 3rd period - Shot by Connor Brown.
0:20 of 3rd period - Stopped by Jordan Binnington with a rebound.
0:26 of 3rd period - Shot by Nazem Kadri.
0:26 of 3rd period - Shot Misses the Net.
1:27 of 3rd period - Double Minor Penalty to Scott Mayfield for High sticking.
1:28 of 3rd period - Patrice Bergeron wins face-off versus Pierre-Edouard Bellemare in Kings zone.
1:29 of 3rd period - Shot by Kris Letang.
1:29 of 3rd period - Shot Hit the Post.
1:51 of 3rd period - Shot by Kris Letang.
1:51 of 3rd period - Shot Misses the Net.
1:53 of 3rd period - Shot by Kris Letang.
1:53 of 3rd period - Stopped by Jordan Binnington without a rebound.
1:54 of 3rd period - Bo Horvat wins face-off versus William Karlsson in Kings zone.
1:55 of 3rd period - Shot by Jared McCann.
1:55 of 3rd period - Stopped by Jordan Binnington without a rebound.
1:56 of 3rd period - Bo Horvat wins face-off versus William Karlsson in Kings zone.
2:03 of 3rd period - Shot by Nazem Kadri.
2:03 of 3rd period - Stopped by Jordan Binnington without a rebound.
2:04 of 3rd period - Bo Horvat wins face-off versus Pierre-Edouard Bellemare in Kings zone.
2:17 of 3rd period - Shot by Connor Brown.
2:17 of 3rd period - Stopped by Jordan Binnington without a rebound.
2:18 of 3rd period - Patrice Bergeron wins face-off versus William Karlsson in Kings zone.
2:21 of 3rd period - Shot by Jaden Schwartz.
2:21 of 3rd period - Shot Blocked by Derek Forbort.
2:23 of 3rd period - Shot by Kris Letang.
2:23 of 3rd period - Shot Blocked by Zdeno Chara.
2:25 of 3rd period - Shot by Tyler Toffoli.
2:25 of 3rd period - Stopped by Jordan Binnington with a rebound.
2:27 of 3rd period - Shot by Aaron Ekblad.
2:27 of 3rd period - Shot Misses the Net.
2:41 of 3rd period - Shot by Tyler Toffoli.
2:41 of 3rd period - Shot Blocked by Zdeno Chara.
2:43 of 3rd period - Shot by Aaron Ekblad.
2:43 of 3rd period - Shot Misses the Net.
2:45 of 3rd period - Shot by Patrice Bergeron.
2:45 of 3rd period - Shot Misses the Net.
2:47 of 3rd period - Shot by Aaron Ekblad.
2:47 of 3rd period - Shot Blocked by Zdeno Chara.
2:50 of 3rd period - Patrice Bergeron is hit by Zdeno Chara and loses puck.
3:25 of 3rd period - Shot by Ryan Ellis.
3:25 of 3rd period - Shot Misses the Net.
3:33 of 3rd period - Shot by Pierre-Edouard Bellemare.
3:33 of 3rd period - Stopped by Semyon Varlamov without a rebound.
3:34 of 3rd period - Bo Horvat wins face-off versus Pierre-Edouard Bellemare in Jets zone.
3:52 of 3rd period - Shot by Connor Brown.
3:52 of 3rd period - Stopped by Jordan Binnington with a rebound.
3:54 of 3rd period - Shot by Ryan Ellis.
3:54 of 3rd period - Shot Hit the Post.
3:58 of 3rd period - Shot by Nazem Kadri.
3:58 of 3rd period - Shot Misses the Net.
4:00 of 3rd period - Shot by Ryan Ellis.
4:00 of 3rd period - Shot Misses the Net.
4:30 of 3rd period - Shot by Kris Letang.
4:30 of 3rd period - Goal by Kris Letang - Kings : 1 - Jets : 2.
4:31 of 3rd period - Johnny Gaudreau wins face-off versus Riley Sheahan in neutral zone.
4:34 of 3rd period - Zach Sanford is hit by Tanner Pearson.
4:35 of 3rd period - Icing by Zach Sanford.
4:36 of 3rd period - Yanni Gourde wins face-off versus Riley Sheahan in Jets zone.
5:02 of 3rd period - Shot by Tanner Pearson.
5:02 of 3rd period - Shot Misses the Net.
5:09 of 3rd period - Shot by Yanni Gourde.
5:09 of 3rd period - Shot Misses the Net.
5:30 of 3rd period - Icing by Gustav Forsling.
5:31 of 3rd period - William Karlsson wins face-off versus Riley Sheahan in Jets zone.
6:51 of 3rd period - Icing by Zdeno Chara.
6:52 of 3rd period - Patrice Bergeron wins face-off versus William Karlsson in Kings zone.
7:10 of 3rd period - Off-side.
7:11 of 3rd period - Yanni Gourde wins face-off versus Bo Horvat in neutral zone.
7:21 of 3rd period - Johnny Gaudreau is hit by Kris Letang and loses puck.
7:25 of 3rd period - Icing by Kris Letang.
7:26 of 3rd period - Teddy Blueger wins face-off versus Bo Horvat in Jets zone.
7:31 of 3rd period - Shot by Pierre-Edouard Bellemare.
7:31 of 3rd period - Stopped by Semyon Varlamov with a rebound.
8:51 of 3rd period - Shot by Johnny Gaudreau.
8:51 of 3rd period - Shot Blocked by Ryan Graves.
8:55 of 3rd period - Shot by Zach Werenski.
8:55 of 3rd period - Shot Blocked by Ryan Ellis.
8:57 of 3rd period - Shot by Johnny Gaudreau.
8:57 of 3rd period - Shot Misses the Net.
9:39 of 3rd period - Shot by Joonas Donskoi.
9:39 of 3rd period - Shot Blocked by Ryan Carpenter.
10:46 of 3rd period - Shea Weber is hit by Nazem Kadri and loses puck.
10:57 of 3rd period - Zach Werenski is hit by Nazem Kadri and loses puck.
11:38 of 3rd period - Shot by Patrice Bergeron.
11:38 of 3rd period - Stopped by Jordan Binnington without a rebound.
11:39 of 3rd period - Riley Sheahan wins face-off versus Yanni Gourde in Kings zone.
11:44 of 3rd period - Shot by Riley Sheahan.
11:44 of 3rd period - Shot Misses the Net.
12:05 of 3rd period - Icing by Andy Greene.
12:06 of 3rd period - Patrice Bergeron wins face-off versus Yanni Gourde in Kings zone.
12:11 of 3rd period - Shot by Jaden Schwartz.
12:11 of 3rd period - Stopped by Jordan Binnington without a rebound.
12:12 of 3rd period - Patrice Bergeron wins face-off versus Teddy Blueger in Kings zone.
12:27 of 3rd period - Shot by Corey Perry.
12:27 of 3rd period - Shot Misses the Net.
12:29 of 3rd period - Shot by Pierre-Edouard Bellemare.
12:29 of 3rd period - Stopped by Semyon Varlamov with a rebound.
12:47 of 3rd period - Shot by Kris Russell.
12:47 of 3rd period - Shot Misses the Net.
13:00 of 3rd period - Icing by Kris Russell.
13:01 of 3rd period - Jaden Schwartz wins face-off versus William Karlsson in Jets zone.
13:01 of 3rd period - Jaden Schwartz is hit by William Karlsson.
13:06 of 3rd period - Off-side.
13:07 of 3rd period - Kyle Connor wins face-off versus Bo Horvat in neutral zone.
13:10 of 3rd period - Shot by Zach Werenski.
13:10 of 3rd period - Deflect By Kyle Connor.
13:10 of 3rd period - Shot Blocked by Ryan Ellis.
13:26 of 3rd period - Shot by Nazem Kadri.
13:26 of 3rd period - Deflect By Bo Horvat.
13:26 of 3rd period - Stopped by Jordan Binnington without a rebound.
13:27 of 3rd period - Ryan Getzlaf wins face-off versus Yanni Gourde in Kings zone.
13:27 of 3rd period - Kris Letang is hit by Derek Forbort and loses puck.
13:34 of 3rd period - Shot by Johnny Gaudreau.
13:34 of 3rd period - Stopped by Semyon Varlamov without a rebound.
13:35 of 3rd period - Ryan Getzlaf wins face-off versus William Karlsson in Jets zone.
13:46 of 3rd period - Shot by Jared McCann.
13:46 of 3rd period - Deflect By Ryan Getzlaf.
13:46 of 3rd period - Stopped by Jordan Binnington with a rebound.
14:52 of 3rd period - Shot by Bo Horvat.
14:52 of 3rd period - Stopped by Jordan Binnington without a rebound.
14:53 of 3rd period - Patrice Bergeron wins face-off versus David Kampf in Kings zone.
15:09 of 3rd period - Shot by Andy Greene.
15:09 of 3rd period - Stopped by Semyon Varlamov without a rebound.
15:10 of 3rd period - Yanni Gourde wins face-off versus Bo Horvat in Jets zone.
15:10 of 3rd period - Johnny Gaudreau is hit by Ryan Graves and loses puck.
15:22 of 3rd period - Shot by Zdeno Chara.
15:22 of 3rd period - Stopped by Semyon Varlamov without a rebound.
15:23 of 3rd period - William Karlsson wins face-off versus Patrice Bergeron in Jets zone.
15:24 of 3rd period - Shot by Kyle Connor.
15:24 of 3rd period - Shot Blocked by Kris Russell.
15:42 of 3rd period - Shot by Patrice Bergeron.
15:42 of 3rd period - Shot Misses the Net.
15:44 of 3rd period - Shot by Patrice Bergeron.
15:44 of 3rd period - Stopped by Jordan Binnington without a rebound.
15:45 of 3rd period - Yanni Gourde wins face-off versus Bo Horvat in Kings zone.
15:45 of 3rd period - Yanni Gourde is hit by Nazem Kadri.
15:50 of 3rd period - Johnny Gaudreau is hit by Ryan Graves and loses puck.
16:02 of 3rd period - Bo Horvat is hit by Scott Mayfield and loses puck.
16:04 of 3rd period - Minor Penalty to Zdeno Chara for Interference.
16:05 of 3rd period - Pierre-Edouard Bellemare wins face-off versus Patrice Bergeron in Kings zone.
16:27 of 3rd period - Icing by Tyler Toffoli.
16:28 of 3rd period - William Karlsson wins face-off versus Patrice Bergeron in Jets zone.
16:53 of 3rd period - Shot by Aaron Ekblad.
16:53 of 3rd period - Shot Misses the Net.
18:13 of 3rd period - Riley Sheahan is hit by Tanner Pearson and loses puck.
18:17 of 3rd period - Icing by Gustav Forsling.
18:18 of 3rd period - Riley Sheahan wins face-off versus William Karlsson in Jets zone.
18:49 of 3rd period - Shot by Kyle Connor.
18:49 of 3rd period - Shot Misses the Net.
18:53 of 3rd period - Kings, Jordan Binnington is pulled from the net.
19:27 of 3rd period - Shot by Patrice Bergeron.
19:27 of 3rd period - Goal by Patrice Bergeron - Kings : 1 - Jets : 3.
19:27 of 3rd period - Jordan Binnington from Kings was sent back in the game.
19:28 of 3rd period - Tanner Pearson wins face-off versus Ryan Getzlaf in neutral zone.
19:45 of 3rd period - Joonas Donskoi is hit by Johnny Gaudreau and loses puck.
Goals for this period are 0 for Kings vs 2 for Jets.
Shots for this period are 6 for Kings vs 15 for Jets.